Cogmind - Beta 17.1 @@@ ROGUE MODE // 2026.09.16 @ 18:13:26 Player: Delget Result: Destroyed by V2-TCX(R) with Subdweller Beam Cannon Performance ------------- Evolutions (0) 0 Regions Visited (3) 600 Robots Destroyed (18) 90 Value Destroyed (437) 437 Prototype IDs (0) 0 Alien Tech Used (0) 0 Bonus (0) 0 TOTAL SCORE: 1127 Bonus ------- None Cogmind --------- Core Integrity 0/250 Matter 300/300 Energy 246/250 System Corruption 0% Temperature Cool (11) Movement Walking (190) Ox1 Location -10/Subcaves Parts ------- > --- POWER (1) -------- Ion Engine > --- PROPULSION (2) --- Aluminum Leg Aluminum Leg > --- UTILITY (2) ------ Large Storage Unit > --- WEAPON (2) ------- Riot Gun Light Assault Rifle > --- INVENTORY (15) --- Ion Engine Light Ion Engine Aluminum Leg Makeshift Leg Medium Laser Small Laser Small Laser Subdweller Machine Gun Grenade Launcher Scrap Shield Fragment (46) Scrap Shield Fragment (20) Peak State ------------ > --- POWER ------------ Ion Engine > --- PROPULSION ------- Aluminum Leg Aluminum Leg > --- UTILITY ---------- Large Storage Unit > --- WEAPON ----------- Riot Gun Light Assault Rifle > --- INVENTORY -------- Ion Engine Aluminum Leg Makeshift Leg Medium Laser Small Laser Small Laser Subdweller Machine Gun Grenade Launcher [Rating: 9] Favorites ----------- Power Ion Engine Engine Ion Engine Propulsion Aluminum Leg Treads Light Treads Leg Aluminum Leg Utility Large Storage Unit Storage Large Storage Unit Weapon Light Assault Rifle Energy Gun Small Laser Ballistic Gun Light Assault Rifle Launcher Grenade Launcher Build | -11 -10 -10 -10 ------- Run | Yrd Mat Min Sub Slots Evolved . | . . . . Power . | . . . . Propulsion . | . . . . Utility . | . . . . Weapon . | . . . . Parts Attached 20 | 6 9 4 1 Power 3 | 1 1 1 . Engine 3 | 1 1 1 . Core . | . . . . Reactor . | . . . . Propulsion 5 | 2 2 1 . Treads 2 | 2 . . . Leg 3 | . 2 1 . Wheel . | . . . . Hover . | . . . . Flight . | . . . . Utility 4 | 1 3 . . Device . | . . . . Storage 4 | 1 3 . . Processor . | . . . . Hackware . | . . . . Protection . | . . . . Artifact . | . . . . Weapon 8 | 2 3 2 1 Energy Gun 5 | 2 2 . 1 Energy Cannon . | . . . . Ballistic Gun 1 | . 1 . . Ballistic Cannon . | . . . . Launcher 2 | . . 2 . Special Weapon . | . . . . Impact Weapon . | . . . . Slashing Weapon . | . . . . Piercing Weapon . | . . . . Special Melee Weapon . | . . . . Unidentified Prototypes . | . . . . Parts Lost 6 | . 4 2 . Power 2 | . 2 . . Propulsion 3 | . 2 1 . Utility . | . . . . Weapon 1 | . . 1 . Highest Loss Streak 2 | . 2 2 . To Critical Strikes . | . . . . Average Backups 6 | 4 6 6 7 Power 1 | . 1 1 1 Propulsion 1 | 1 1 1 1 Utility . | . . . . Weapon 3 | 1 2 3 4 Tool/Special . | . . . . Unused Backups 7 | . 2 . 5 Power 2 | . . . 2 Propulsion 4 | . 2 . 2 Utility . | . . . . Weapon 1 | . . . 1 Tool/Special . | . . . . Average Slot Usage (%) 80 | . 80 68 85 Engine 10 | . 10 1 14 Treads 9 | . 18 . . Leg 16 | . 5 25 28 Storage 15 | . 16 14 14 Energy Gun 17 | . 26 2 8 Ballistic Gun 7 | . 1 12 14 Launcher 3 | . . 12 5 Peak Build Rating 9 | 6 7 6 9 Average Rating 6 | 4 5 5 7 On Entrance 4 | . 6 5 6 Avg Prop Armor Cover (%) . | . . . . Naked Turns . | . . . . Heaviest Build 39 | 12 39 29 29 Greatest Support 40 | 40 40 20 20 Greatest Overweight (x) 8 | . 8 2 1 Average Overweight (x) . | . . 1 1 Largest Inventory Capacity 25 | 8 25 15 15 Average Capacity 14 | 7 14 15 15 Most Carried 11 | 6 9 7 11 Average Carried 6 | 4 6 6 8 Final Capacity 15 | 8 15 15 15 Final Carried 11 | 4 6 5 11 Class Distribution -------------------- 100% | Mutant Dominant Class ---------------- Mutant | -10/Materials Mutant | -10/Mines Mutant | -10/Subcaves Resources | -11 -10 -10 -10 ----------- Run | Yrd Mat Min Sub Matter Collected 520 | 191 180 85 64 Remotely . | . . . . Salvage Created 537 | . 368 169 . Parts 29 | . 25 4 . Haulers Intercepted . | . . . . Recyclers Shooed . | . . . . Parts Field Recycled . | . . . . Retrieved Matter . | . . . . Parts Self-Destructed . | . . . . Prevented . | . . . . Parts Restored . | . . . . Kills | -11 -10 -10 -10 ------- Run | Yrd Mat Min Sub Combat Hostiles Destroyed 16 | . 12 4 . Guns 13 | . 12 1 . AOE 3 | . . 3 . Classes Destroyed 4 | . 3 1 . Recycler 1 | . . 1 . Watcher 1 | . 1 . . Swarmer 7 | . 7 . . Grunt 9 | . 5 4 . Best Kill Streak 3 | . 3 3 . Combat Bots Only 3 | . 3 2 . Max Kills in Single Turn 2 | . 2 1 . Gunslinging 1 | . 1 . . Exploded 1 | . . 1 . Melee . | . . . . Uniques/NPCs Destroyed . | . . . . Combat | -11 -10 -10 -10 -------- Run | Yrd Mat Min Sub Hostile Shots Fired 147 | . 105 39 3 Missed 34 | . 23 10 1 Hits 113 | . 82 29 2 Projectile 113 | . 82 29 2 Critical Strikes 1 | . 1 . . Damage Taken 1228 | . 810 365 53 Core 257 | . 125 105 27 Absorbed by Shields . | . . . . Core Remaining (%) 100 | 100 . . . Volleys Fired 41 | . 33 8 . Largest 2 | . 2 2 . Hottest 90 | . 90 63 . Shots Fired 80 | . 66 14 . Gun 71 | . 66 5 . Cannon . | . . . . Launcher 9 | . . 9 . Special . | . . . . Kinetic 6 | . 1 5 . Thermal 52 | . 52 . . Explosive 9 | . . 9 . Electromagnetic 13 | . 13 . . Robot Hit Streak 12 | . 7 12 . Robot Miss Streak 4 | . 4 3 . Penetration Max . | . . . . Secondary Targets 1 | . 1 . . Max Gunslinging Chain 1 | . 1 . . Shots Hit Robots 47 | . 38 9 . Core Hits 29 | . 19 10 . Critical Kills . | . . . . Critical Parts Destroyed . | . . . . Critical Strikes 1 | . 1 . . Burn 1 | . 1 . . Melee Attacks . | . . . . Impact . | . . . . Slashing . | . . . . Piercing . | . . . . Sneak Attacks . | . . . . Combat Hostiles . | . . . . Follow-up Attacks . | . . . . Damage Inflicted 961 | . 492 469 . Guns 460 | . 439 21 . Cannons . | . . . . Explosions 501 | . 53 448 . Melee . | . . . . Ramming . | . . . . Kinetic 27 | . 6 21 . Thermal 380 | . 380 . . Explosive 448 | . . 448 . Electromagnetic 106 | . 106 . . Impact . | . . . . Slashing . | . . . . Piercing . | . . . . Highest Corruption . | . . . . Average Corruption . | . . . . Corruption Purged . | . . . . Corruption Blocked . | . . . . Overload Shots . | . . . . Overflow Damage . | . . . . Projectiles . | . . . . Explosions . | . . . . Melee . | . . . . Knockbacks . | . . . . Impact . | . . . . Kinetic . | . . . . Secondary . | . . . . Self-Inflicted Damage 43 | . 38 5 . Shots 2 | . 1 1 . Rammed 1 | . 1 . . Targets Rammed 1 | . 1 . . Kicked . | . . . . Crushed . | . . . . Highest Temperature 198 | . 198 11 . Average Temperature 55 | . 59 4 . Received Heat Transfer 351 | . 135 207 9 Siege Activations . | . . . . Martial Activations . | . . . . Shielding Activations . | . . . . Robots Disrupted . | . . . . Combat Hostiles . | . . . . Robots Corrupted . | . . . . Combat Hostiles . | . . . . Parts Fried . | . . . . Impact Corruptions . | . . . . Robots Melted . | . . . . Combat Hostiles . | . . . . Parts Melted 3 | . 3 . . Heat Transferred 995 | . 995 . . Parts Sabotaged . | . . . . Parts Stolen . | . . . . Parts Stripped . | . . . . Power Chain Reactions 1 | . 1 . . Alert | -11 -10 -10 -10 ------- Run | Yrd Mat Min Sub Maximum Alert Level . | . . . . Low Security (%) 100 | 100 100 100 . Level 1 . | . . . . Level 2 . | . . . . Level 3 . | . . . . Level 4 . | . . . . Level 5 . | . . . . High Security . | . . . . Max Security . | . . . . Peak Influence 81 | . 71 81 . Initial 13 | . . 13 . Average 25 | . 23 49 . Influence Increases 465 | . 307 158 . Destroy 0b10 Robot/C 320 | . 240 80 . Destroy 0b10 Robot/NC 10 | . 5 5 . Destroy Leader 62 | . 42 20 . Successful Hack 16 | . 16 . . Destroy Structure 57 | . 4 53 . Influence Decreases 465 | . 272 132 61 Entered New Map 55 | . . 22 33 Time Decay 360 | . 242 90 28 Lost Part 50 | . 30 20 . Squads Dispatched 3 | . 3 . . Investigation 1 | . 1 . . Extermination . | . . . . Reinforcement 2 | . 2 . . Assault . | . . . . Garrison . | . . . . Intercept . | . . . . Searches Triggered . | . . . . Construction Impeded . | . . . . Haulers Reinforced . | . . . . Active Scanning Responses . | . . . . Cargo Convoy Interrupts . | . . . . Stealth | -11 -10 -10 -10 --------- Run | Yrd Mat Min Sub Distress Signals 2 | . 2 . . Communications Jammed . | . . . . Distress Signals . | . . . . Times Spotted 25 | . 18 4 3 Peak Tracking Total 6 | . 6 2 2 Tactical Retreats . | . . . . Traps | -11 -10 -10 -10 ------- Run | Yrd Mat Min Sub Traps Triggered 2 | . 2 . . Indirectly . | . . . . Trap Hack Attempts . | . . . . Triggered . | . . . . Disarmed . | . . . . Reprogrammed . | . . . . Reused . | . . . . Traps Extracted . | . . . . Installed . | . . . . Triggered . | . . . . Machines | -11 -10 -10 -10 ---------- Run | Yrd Mat Min Sub Machines Disabled . | . . . . Max in Single Turn . | . . . . Machines Repaired . | . . . . Machines Dismantled . | . . . . Machines Sabotaged . | . . . . Overloaded Fab Kills . | . . . . Hacking | -11 -10 -10 -10 --------- Run | Yrd Mat Min Sub Machines Accessed 2 | . 2 . . Terminals 2 | . 2 . . Fabricators . | . . . . Repair Stations . | . . . . Recycling Units . | . . . . Scanalyzers . | . . . . Garrison Access . | . . . . Total Hacks 9 | . 9 . . Successful 8 | . 8 . . Failed 1 | . 1 . . Catastrophic . | . . . . Database Lockouts . | . . . . Manual . | . . . . Terminals 9 | . 9 . . Fabricators . | . . . . Repair Stations . | . . . . Recycling Units . | . . . . Scanalyzers . | . . . . Garrison Access . | . . . . Terminal Hacks 8 | . 8 . . Record 7 | . 7 . . Emergency Access Points 1 | . 1 . . Fabricator Hacks . | . . . . Repair Station Hacks . | . . . . Recycling Unit Hacks . | . . . . Scanalyzer . | . . . . Garrison Access Hacks . | . . . . Unauthorized Hacks . | . . . . Terminals . | . . . . Fabricators . | . . . . Repair Stations . | . . . . Recycling Units . | . . . . Scanalyzers . | . . . . Garrison Access . | . . . . Data Cores Recovered . | . . . . Used . | . . . . Hacking Detections 2 | . 2 . . Full Trace Events . | . . . . Feedback Events . | . . . . Feedback Blocked . | . . . . Robot Schematics Acquired . | . . . . Robots Built . | . . . . Authchips . | . . . . Time . | . . . . Total Robot Build Rating . | . . . . Part Schematics Acquired . | . . . . Parts Built . | . . . . Authchips . | . . . . Time . | . . . . Total Part Build Rating . | . . . . Part Studies Acquired . | . . . . Parts Repaired . | . . . . Time . | . . . . Parts Recycled . | . . . . Recycled Matter . | . . . . Retrieved Matter . | . . . . Retrieved Components . | . . . . Parts Scanalyzed . | . . . . Part Schematics Acquired . | . . . . Parts Damaged . | . . . . Bothacking | -11 -10 -10 -10 ------------ Run | Yrd Mat Min Sub Used RIF Installer . | . . . . Robots Hacked . | . . . . Non-combat . | . . . . Combat . | . . . . Robot Hacks Applied . | . . . . Relay Couplers Released . | . . . . Fabnet Peak Effective % . | . . . . Robots Rewired . | . . . . Allies Hacked . | . . . . Hacks Repelled . | . . . . Allies | -11 -10 -10 -10 -------- Run | Yrd Mat Min Sub Total Allies . | . . . . Largest Group . | . . . . Highest-Rated Group . | . . . . Highest-Rated Ally . | . . . . Total Orders . | . . . . Ally Attacks . | . . . . Total Damage . | . . . . Kills . | . . . . Allies Corrupted . | . . . . Allies Melted . | . . . . Intel | -11 -10 -10 -10 ------- Run | Yrd Mat Min Sub Active Infowar (turns) . | . . . . Robot Analysis Total . | . . . . Derelict Logs Recovered 2 | . . 2 . Drone Launches . | . . . . Drone Recoveries . | . . . . Exploration | -11 -10 -10 -10 ------------- Run | Yrd Mat Min Sub Turns Passed 1803 | 135 873 194 601 Spaces Moved 874 | 81 397 83 313 Core 12 | 9 3 . . Treads 358 | 72 286 . . Legs 504 | . 108 83 313 Wheels . | . . . . Hover . | . . . . Flight . | . . . . Fastest Speed 50 | 50 160 190 190 Average Speed 183 | 147 180 200 190 Slowest Speed 450 | 160 450 260 190 Overloaded Moves . | . . . . Propulsion Burnouts . | . . . . Robots Hopped . | . . . . Potential Cave-ins . | . . . . Cave-ins Triggered . | . . . . Exploration Rate (%) 24 | 3 61 22 12 Regions Visited 3 Branch Regions 2 Pre-discovered Areas 1 | . . 1 . Known Exits Taken . | . . . . Unknown Exits Taken 3 | 1 1 1 . Scrap Searched 2 | . . . 2 Spaces Dug . | . . . . Terrain Destroyed 66 | . 3 63 . Melee . | . . . . Projectile . | . . . . AOE 66 | . 3 63 . Terrain Rammed . | . . . . Walls Destroyed . | . . . . Machines Disabled . | . . . . Actions | -11 -10 -10 -10 --------- Run | Yrd Mat Min Sub Total 995 | 96 482 97 320 Wait 20 | . 20 . . Move 871 | 80 396 82 313 Hop . | . . . . Pick Up 30 | 10 12 2 6 Fast Attach . | . . . . Attach 13 | 6 4 3 . Detach . | . . . . Swap 12 | . 9 2 1 Drop 7 | . 7 . . Fire 41 | . 33 8 . Melee . | . . . . Ram 1 | . 1 . . Kick . | . . . . Crush . | . . . . Escape Stasis . | . . . . Rewire . | . . . . Trap . | . . . . Miscellaneous . | . . . . Route ------- -11/Scrapyard -10/Materials -10/Mines -10/Subcaves History --------- Turn | Location | Event 23 | -11/Scrapyard | Discovered new exit (range 15) 136 | -11/Scrapyard | Entered Materials 307 | -10/Materials | Build established: Mutant 984 | -10/Materials | Discovered new exit (range 14) 1009 | -10/Materials | Entered Mines 1018 | -10/Mines | Core integrity fell below 50% 1032 | -10/Mines | Received a Rocket Launcher from a helpful Derelict 1081 | -10/Mines | Learned Materials trap positions 1139 | -10/Mines | Core integrity fell below 20% 1157 | -10/Mines | Discovered new exit (range 8) 1203 | -10/Mines | Entered Subcaves 1204 | -10/Subcaves | Approached by a straggling Scientist 1402 | -10/Subcaves | Disturbed a concealed Subdweller 1804 | -10/Subcaves | Destroyed by V2-TCX(R) with Subdweller Beam Cannon Last Messages --------------- here" 01399_ Searching scrap... 01399_ Found Riot Gun. 01399_ Found Mak. Leg. 01399_ Found 46 Matter. 01400_ Acquired 46 matter. 01401_ Searching scrap... 01401_ Found Sub. Machine Gun. 01401_ Found 42 Matter. 01402_ Acquired 8 matter. 01405_ Acquired Riot Gun. CL-TO7(c): "I think it's somewhere north of here" 01408_ Acquired Sub. Machine Gun. 01412_ Subatomizers dissect the Mak. Leg. 01414_ Acquired Mak. Leg. 01419_ Acquired Scrap Shield Fragment. 01428_ Acquired 10 matter. 01563_ G5-9SR(u) tweaks Twisted Machinery. 01666_ Acquired Lgt. Ion Engine. Map ----- +----------------------------------------------------+ | ?????????????????????????????????????????????????? | | ?????????????????????????????????????????????????? | | ?????????????????????????????????????????????????? | | ?????????????????????????????????????????????????? | | ?????????????????????????????????????????????????? | | ?????????????????????????????????????????????????? | | ?????????????????????????????????????????????????? | | ?????????????????????????????????????????????????? | | ?????????????????????????????????????????????????? | | ?????????????????????????????????????????????????? | | ?????????????????????????????????????????????????? | | ?????????????????????????????????????????????????? | | ?????????????????????????????????????????????????? | | ?????????????????????????????????????????????????? | | ?????????????????????????????????????????????????? | | ?????????????????????????????????????????????????? | | ?????????????????????????????????????????????????? | | ?????????????????????????????????????????????????? | | ?????????????????????????????????????????????####? | | ???????????????????????????????????????????### #? | | ????????????????????????????????????#####?## #? | | ?????????????????????????????######## ### #? | | ???????????????????????????### " ## #? | | ?????????????? ?????##?????# " &" ##? | | ??????????????# "###; ##### & " ### ### | | ??????????????##"" @## " #??### ### | | ??????????????""" R " #???# ##?# | | ?????????????""R # # ##??## #?## | | ?????????????"????#??## ## ##?# #### | | ??????????????????????# ## ### ## ### ## | | ??????????????????????## ######?##### ### # | | ???????????????????????###?????????## | | ???????????????????????????????????# | | ???????????????????????????????????###### ###### # | | ????????????????????????????????????????###????### | | ?????????????????????????????????????????????????? | | ?????????????????????????????????????????????????? | | ?????????????????????????????????????????????????? | | ?????????????????????????????????????????????????? | | ?????????????????????????????????????????????????? | | ?????????????????????????????????????????????????? | | ?????????????????????????????????????????????????? | | ?????????????????????????????????????????????????? | | ?????????????????????????????????????????????????? | | ?????????????????????????????????????????????????? | | ?????????????????????????????????????????????????? | | ?????????????????????????????????????????????????? | | ?????????????????????????????????????????????????? | | ?????????????????????????????????????????????????? | | | +----------------------------------------------------+ Best States ------------- Heat Dissipation 25 Energy Generation 10 Energy Capacity 250 Matter Stores 300 Matter Capacity 300 Sight Range 16 Terrain Scan Density 10 Evasion (%) 50 Recoil Reduction 2 Item Schematics ----------------- None Robot Schematics ------------------ None Fabricated ------------ Nothing Repaired ---------- Nothing Studied --------- None Alien Tech Used ----------------- None Achievements -------------- None Challenges ------------ None Game ------ Seed DeflectorTachyonAirjet Manual? 0 Play Time 00:21:25 Cumulative 23.1 hours Start 2026.09.16 @ 17:53:16 End 2026.09.16 @ 18:13:26 Sessions 1 Manual Loads 0 Difficulty Rogue Special Mode None Game No. 48 Rogue 48 Adventurer 0 Explorer 0 Win Type - Total 0 Types 0/0/0/0/0/0/0/0/0/0 Lore% 7 Gallery% 16 Achievement% 10 Wizard Run 0 Options --------- Layout 1 ASCII 0 Keyboard 0 Movement Mouse Keybinds 0 Fullscreen 1 Font 48/Smallcaps Map View 50x35 Zoom Use 0% Tactical HUD 1 Map Filters NONE Filters NONE Steam 1 RUN: 0d63abf8-121f-48ed-be19-76cb31661ff6